Workbook
Name _Toc453487770: 'A-Revenue'!$A$13

Sheet Menu
B2: Main Menu
B4: A - Revenue | E4: Please see the "Pet Profits" Planning Workbook for detailed instructions on how to complete these spreadsheets.
B5: B - Fixed Costs
B6: C - Variable Costs
B7: D - Break-even | E7: Legend:
B8: E - Profit per Pet | E8: 660 | F8: White fields require your input
E9: 1500 | F9: Grey fields automatically calculate values and are locked
E10: 34.5 | F10: Orange fields auto-calculate and highlight key figures

Sheet A-Revenue
A1: Back to Menu | B1: A: Revenue per Pet & Discount Impact
B3: Company Total | D3: Service #1 | E3: Service #2 | F3: Service #3
A4: Total Revenue
A5: Total # of Pet Services Performed
A6: Effective Rate per Pet | B6: =IF(B5=0,"[empty]",B4/B5) -> [empty] | D6: =IF(D5=0,"[empty]",D4/D5) -> [empty] | E6: =IF(E5=0,"[empty]",E4/E5) -> [empty] | F6: =IF(F5=0,"[empty]",F4/F5) -> [empty]
A7: Current Published Rate
A8: Effective Discount Percentage | D8: =IF(D7=0,"[empty]",(D7-D6)/D7) -> [empty] | E8: =IF(E7=0,"[empty]",(E7-E6)/E7) -> [empty] | F8: =IF(F7=0,"[empty]",(F7-F6)/F7) -> [empty]

Sheet B-Fixed Costs
A1: Back to Menu | B1: B: Fixed Costs
A3: Property Costs | B3: Company Annual Total
A4: Rent/Mortgage costs
A5: Property insurance
A6: Property taxes
A7: Total Property Costs | B7: =SUM(B4:B6) -> 0
B9: Allocation to Key Services | D9: Service #1 | E9: Service #2 | F9: Service #3
B10: Square Footage per Service Area
B11: Percentage of Facility Used by Service | D11: =IF($B$15=0,"[empty]",D10/$B$15) -> [empty] | E11: =IF($B$15=0,"[empty]",E10/$B$15) -> [empty] | F11: =IF($B$15=0,"[empty]",F10/$B$15) -> [empty]
B12: Annual Property Cost per Service | D12: =IF(D11="[empty]","[empty]",$B$7*D11) -> [empty] | E12: =IF(E11="[empty]","[empty]",$B$7*E11) -> [empty] | F12: =IF(F11="[empty]","[empty]",$B$7*F11) -> [empty]
A14: Square Footage | B14: Company Total
A15: Total Square Footage | B15: =SUM(D10:F10) -> 0
A16: Cost per Square Foot | B16: =IF(B15=0,"[empty]",B7/B15) -> [empty]
A18: Fixed Costs | B18: Company Annual Total | D18: Service #1 | E18: Service #2 | F18: Service #3
A19: Total Property Costs (from above) | B19: =B7 -> 0 | D19: =D12 -> [empty] | E19: =E12 -> [empty] | F19: =F12 -> [empty]
A20: Utilities | D20: =IF($D$10=0,"[empty]",$B20*$D$11) -> [empty] | E20: =IF($E$10=0,"[empty]",$B20*$E$11) -> [empty] | F20: =IF($F$10=0,"[empty]",$B20*$F$11) -> [empty]
A21: Support Staff | D21: =IF($D$10=0,"[empty]",$B21*$D$11) -> [empty] | E21: =IF($E$10=0,"[empty]",$B21*$E$11) -> [empty] | F21: =IF($F$10=0,"[empty]",$B21*$F$11) -> [empty]
A22: Management | D22: =IF($D$10=0,"[empty]",$B22*$D$11) -> [empty] | E22: =IF($E$10=0,"[empty]",$B22*$E$11) -> [empty] | F22: =IF($F$10=0,"[empty]",$B22*$F$11) -> [empty]
A23: Marketing | D23: =IF($D$10=0,"[empty]",$B23*$D$11) -> [empty] | E23: =IF($E$10=0,"[empty]",$B23*$E$11) -> [empty] | F23: =IF($F$10=0,"[empty]",$B23*$F$11) -> [empty]
A24: General Supplies | D24: =IF($D$10=0,"[empty]",$B24*$D$11) -> [empty] | E24: =IF($E$10=0,"[empty]",$B24*$E$11) -> [empty] | F24: =IF($F$10=0,"[empty]",$B24*$F$11) -> [empty]
A25: Other | D25: =IF($D$10=0,"[empty]",$B25*$D$11) -> [empty] | E25: =IF($E$10=0,"[empty]",$B25*$E$11) -> [empty] | F25: =IF($F$10=0,"[empty]",$B25*$F$11) -> [empty]
A26: Total Fixed Costs | B26: =SUM(B19:B25) -> 0 | D26: =SUM(D19:D25) -> 0 | E26: =SUM(E19:E25) -> 0 | F26: =SUM(F19:F25) -> 0
A27: Total # of Pets | B27: ='A-Revenue'!$B$5 -> 0 | D27: ='A-Revenue'!$D$5 -> 0 | E27: ='A-Revenue'!$E$5 -> 0 | F27: ='A-Revenue'!$F$5 -> 0
A28: Fixed Cost per Pet | B28: =IF(B27=0,"[empty]",B26/B27) -> [empty] | D28: =IF(D27=0,"[empty]",D26/D27) -> [empty] | E28: =IF(E27=0,"[empty]",E26/E27) -> [empty] | F28: =IF(F27=0,"[empty]",F26/F27) -> [empty]

Sheet C-Variable Costs
A1: Back to Menu | B1: C: Variable Costs
B3: Company Annual Total | D3: Service #1 | E3: Service #2 | F3: Service #3
A4: Direct Labor
A5: Supplies for Pet Services
A6: Other Direct Costs
A7: Total Variable Cost | B7: =SUM(B4:B6) -> 0 | D7: =SUM(D4:D6) -> 0 | E7: =SUM(E4:E6) -> 0 | F7: =SUM(F4:F6) -> 0
A8: Total # of Pets | B8: ='A-Revenue'!$B$5 -> 0 | D8: ='A-Revenue'!$D$5 -> 0 | E8: ='A-Revenue'!$E$5 -> 0 | F8: ='A-Revenue'!$F$5 -> 0
A9: Variable Cost per Pet | B9: =IF(B8=0,"[empty]",B7/B8) -> [empty] | D9: =IF(D8=0,"[empty]",D7/D8) -> [empty] | E9: =IF(E8=0,"[empty]",E7/E8) -> [empty] | F9: =IF(F8=0,"[empty]",F7/F8) -> [empty]

Sheet D-Break-even
A1: Back to Menu | B1: D: Break-even Point
A3: Annual Costs | B3: Company Total | D3: Service #1 | E3: Service #2 | F3: Service #3
A4: Total Fixed Costs | B4: ='B-Fixed Costs'!B26 -> 0 | D4: ='B-Fixed Costs'!D26 -> 0 | E4: ='B-Fixed Costs'!E26 -> 0 | F4: ='B-Fixed Costs'!F26 -> 0
A5: Total Variable Costs | B5: ='C-Variable Costs'!B7 -> 0 | D5: ='C-Variable Costs'!D7 -> 0 | E5: ='C-Variable Costs'!E7 -> 0 | F5: ='C-Variable Costs'!F7 -> 0
A6: Total Annual Costs | B6: =SUM(B4:B5) -> 0 | D6: =SUM(D4:D5) -> 0 | E6: =SUM(E4:E5) -> 0 | F6: =SUM(F4:F5) -> 0
A8: Monthly Costs | B8: Company Total | D8: Service #1 | E8: Service #2 | F8: Service #3
A9: Average Monthly Costs | B9: =B6/12 -> 0 | D9: =D6/12 -> 0 | E9: =E6/12 -> 0 | F9: =F6/12 -> 0
A10: Revenue per Pet | B10: ='A-Revenue'!B6 -> [empty] | D10: ='A-Revenue'!D6 -> [empty] | E10: ='A-Revenue'!E6 -> [empty] | F10: ='A-Revenue'!F6 -> [empty]
A11: Number of Pets Needed to Break-even Each Month | B11: =IF(B10="[empty]","[empty]",B9/B10) -> [empty] | D11: =IF(D10="[empty]","[empty]",D9/D10) -> [empty] | E11: =IF(E10="[empty]","[empty]",E9/E10) -> [empty] | F11: =IF(F10="[empty]","[empty]",F9/F10) -> [empty]
A13: Comparison to Break-even | B13: Company Total | D13: Service #1 | E13: Service #2 | F13: Service #3
A14: Average # of Pets per Month | B14: ='A-Revenue'!B5/12 -> 0 | D14: ='A-Revenue'!D5/12 -> 0 | E14: ='A-Revenue'!E5/12 -> 0 | F14: ='A-Revenue'!F5/12 -> 0
A15: Profit or Loss (# of Pets) | B15: =IF(B11="[empty]","[empty]",B14-B11) -> [empty] | D15: =IF(D11="[empty]","[empty]",D14-D11) -> [empty] | E15: =IF(E11="[empty]","[empty]",E14-E11) -> [empty] | F15: =IF(F11="[empty]","[empty]",F14-F11) -> [empty]

Sheet E-Profit per Pet
A1: Back to Menu | B1: E: Profit per Pet Service Performed
B3: Company Total | D3: Service #1 | E3: Service #2 | F3: Service #3
A4: Fixed Cost per Pet | B4: ='B-Fixed Costs'!B28 -> [empty] | D4: ='B-Fixed Costs'!D28 -> [empty] | E4: ='B-Fixed Costs'!E28 -> [empty] | F4: ='B-Fixed Costs'!F28 -> [empty]
A5: Variable Cost per Pet | B5: ='C-Variable Costs'!B9 -> [empty] | D5: ='C-Variable Costs'!D9 -> [empty] | E5: ='C-Variable Costs'!E9 -> [empty] | F5: ='C-Variable Costs'!F9 -> [empty]
A6: Average Total Cost per Pet | B6: =SUM(B4:B5) -> 0 | D6: =SUM(D4:D5) -> 0 | E6: =SUM(E4:E5) -> 0 | F6: =SUM(F4:F5) -> 0
A8: Effective Rate per Pet | B8: ='A-Revenue'!B6 -> [empty] | D8: ='A-Revenue'!D6 -> [empty] | E8: ='A-Revenue'!E6 -> [empty] | F8: ='A-Revenue'!F6 -> [empty]
A9: Profit or Loss per Pet | B9: =IF('A-Revenue'!B6="[empty]","[empty]",B8-B6) -> [empty] | D9: =IF('A-Revenue'!D6="[empty]","[empty]",D8-D6) -> [empty] | E9: =IF('A-Revenue'!E6="[empty]","[empty]",E8-E6) -> [empty] | F9: =IF('A-Revenue'!F6="[empty]","[empty]",F8-F6) -> [empty]
A11: Total # of Pets | B11: ='A-Revenue'!$B$5 -> 0 | D11: ='A-Revenue'!$D$5 -> 0 | E11: ='A-Revenue'!$E$5 -> 0 | F11: ='A-Revenue'!$F$5 -> 0
A12: Profit or Loss | B12: =IF('A-Revenue'!B5=0,"[empty]",B11*B9) -> [empty] | D12: =IF('A-Revenue'!D5=0,"[empty]",D11*D9) -> [empty] | E12: =IF('A-Revenue'!E5=0,"[empty]",E11*E9) -> [empty] | F12: =IF('A-Revenue'!F5=0,"[empty]",F11*F9) -> [empty]
